 Dungeon Crawl Stone Soup version 0.25-a0-2-g6559c6c67a (webtiles) character file.

Game seed: 17646397352151552268, levelgen mode: deterministic

236367 Kohma the Spry (level 19, 0/139 HPs)
             Began as a Halfling Hunter on Oct 14, 2019.
             Was an Initiate of Gozag.
             Splashed by an acid blob's acid (3 damage)
             ... created by the Royal Jelly
             ... on level 5 of the Pits of Slime.
             The game lasted 02:55:02 (49334 turns).

Kohma the Spry (Halfling Hunter)                   Turns: 49334, Time: 02:55:02

Health: 0/139      AC: 14    Str: 12    XL:     19   Next: 96%
Magic:  38/38      EV: 33    Int: 10    God:    Gozag
Gold:   1133       SH: 18    Dex: 41    Spells: 14/22 levels left

rFire    + . .     SeeInvis .   a - +9 fustibalus (flame)
rCold    . . .     Gourm    .   c - +3 warlock's mirror {reflect}
rNeg     . . .     Faith    .   v - +1 ring mail of the Curious Mice {rCorr Str-2 Dex+4}
rPois    .         Spirit   .   U - +0 helmet "Atereuso" {Dex+5}
rElec    .         Reflect  +   r - +1 cloak
rCorr    +         Harm     .   V - +2 pair of gloves {Dex+3}
MR       .....                  s - +0 pair of boots
Stlth    +++++.....             J - +3 amulet of reflection
HPRegen  0.33/turn              y - ring of Xuteanwu {*Corrode MR- MP+9 Dex+8 Slay+5}
MPRegen  0.26/turn              T - ring of protection from fire

@: about to teleport, corroded
A: small, mutation resistance 1
}: 2/15 runes: decaying, gossamer
a: Potion Petition, Call Merchant, Bribe Branch, Renounce Religion


You were on level 5 of the Pits of Slime.
You worshipped Gozag.
Gozag was most pleased with you.
You were hungry.

You visited 7 branches of the dungeon, and saw 37 of its levels.
You also visited: Sewer.

You collected 11819 gold pieces.
You spent 4620 gold pieces at shops.
You paid 6066 gold pieces to Gozag.

Inventory:

Hand Weapons
 a - a +9 fustibalus of flaming (weapon)
Missiles
 d - 37 sling bullets (quivered)
 H - 79 stones
Armour
 c - the +3 warlock's mirror (worn) {reflect}
   (You found it on level 13 of the Dungeon)
 o - a +1 hat of see invisible
 r - a +1 cloak (worn)
 s - a +0 pair of boots (worn)
 v - the +1 ring mail of the Curious Mice (worn) {rCorr Str-2 Dex+4}
   (You found it on level 3 of the Swamp)

   It affects your strength (-2).
   It affects your dexterity (+4).
   It provides partial protection from all sources of acid and corrosion.
 U - the +0 helmet "Atereuso" (worn) {Dex+5}
   (You bought it in a shop on level 5 of the Lair of Beasts)

   It affects your dexterity (+5).
 V - a +2 pair of gloves of dexterity (worn)
 X - the +5 ring mail "Lips" {+Inv rPois rN+ Str+3}
   (You bought it in a shop on level 2 of the Swamp)

   It affects your strength (+3).
   It protects you from poison.
   It protects you from negative energy.
   It lets you turn invisible.
Jewellery
 y - the ring of Xuteanwu (left hand) {*Corrode MR- MP+9 Dex+8 Slay+5}
   (You found it on level 6 of the Lair of Beasts)

   [ring of magical power]

   It affects your dexterity (+8).
   It affects your accuracy and damage with ranged weapons and melee attacks
   (+5).
   It affects your resistance to hostile enchantments.
   It affects your magic capacity (+9).
   It may corrode you when you take damage.
 J - a +3 amulet of reflection (around neck)
 T - a ring of protection from fire (right hand)
Wands
 b - a wand of iceblast (24)
 B - a wand of paralysis (15)
 N - a wand of random effects (19)
 S - a wand of polymorph (33)
Scrolls
 g - 13 scrolls of remove curse
 h - a scroll of enchant weapon
 k - 6 scrolls of teleportation
 m - 15 scrolls of identify
 p - 3 scrolls of fear
 q - a scroll of blinking
 t - 8 scrolls of fog
 x - 4 scrolls of enchant armour
 E - 4 scrolls of summoning
 F - 2 scrolls of holy word
 Q - a scroll of magic mapping
 R - 2 scrolls of silence
Potions
 e - 6 potions of haste
 i - 2 potions of might
 j - 16 potions of curing
 n - 3 potions of brilliance
 u - 2 potions of invisibility
 w - 2 potions of ambrosia
 z - a potion of resistance
 A - 4 potions of agility
 W - a potion of cancellation
Miscellaneous
 I - a phial of floods
 L - a fan of gales
 O - a lightning rod (4/4)
Comestibles
 f - 17 rations


   Skills:
 - Level 15.0 Fighting
 - Level 15.0 Slings
 + Level 14.3 Armour
 - Level 15.1 Dodging
 + Level 9.2 Stealth
 + Level 13.2 Shields
 - Level 2.0 Spellcasting
 - Level 2.0 Charms
 - Level 3.0 Translocations
 * Level 14.4 Evocations


You had 14 spell levels left.
You knew the following spells:

 Your Spells              Type           Power        Failure   Level  Hunger
a - Apportation           Tloc           #.....       16%         1    ##.....
b - Shroud of Golubria    Chrm/Tloc      #.....       28%         2    ###....
c - Song of Slaying       Chrm           #.......     34%         2    ###....
d - Portal Projectile     Hex/Tloc       #.....       65%         3    ####...

Your spell library contained the following spells:

 Spells                   Type           Power        Failure   Level  Hunger
 Infusion                 Chrm           #...         24%         1    ##.....
 Animate Skeleton         Necr           N/A          47%         1    ##.....
 Confusing Touch          Hex            #.....       47%         1    ##.....
 Corona                   Hex            #......      47%         1    ##.....
 Freeze                   Ice            #...         47%         1    ##.....
 Summon Small Mammal      Summ           #...         47%         1    ##.....
 Slow                     Hex            #.......     63%         2    ###....
 Throw Frost              Conj/Ice       #.....       63%         2    ###....
 Ozocubu's Armour         Chrm/Ice       #.......     71%         3    ####...
 Regeneration             Chrm/Necr      #.........   71%         3    ####...
 Spectral Weapon          Hex/Chrm       #.......     71%         3    ####...
 Inner Flame              Hex/Fire       #.......     85%         3    ####...
 Cause Fear               Hex            #.........   99%         4    #####..
 Leda's Liquefaction      Hex/Erth       #.........   99%         4    #####..
 Summon Ice Beast         Ice/Summ       #.......     99%         4    #####..
 Throw Icicle             Conj/Ice       #.......     99%         4    #####..


Dungeon Overview and Level Annotations

Branches:
Dungeon (15/15)            Temple (1/1) D:7            Lair (6/6) D:11
  Swamp (4/4) Lair:2       Spider (4/4) Lair:2        Slime (5/5) Lair:5
    Orc (2/2) D:12            Elf (0/3) Orc:2        Vaults (0/5) D:13
 Depths (0/5) D:15          Sewer (visited)

Altars:
Ashenzari
Cheibriados
Dithmenos
Elyvilon
Fedhas
Gozag
Hepliaklqana
Kikubaaqudgha
Makhleb
Nemelex Xobeh
Okawaru
Qazlal
Ru
Sif Muna
Trog
Uskayaw
Vehumet
Wu Jian
Xom
Yredelemnul
Zin
The Shining One
Beogh
Jiyva

Shops:
D:5 *:   D:7 }:}*   D:11 *(   D:12 (?   Orc:1 =   Orc:2 (::!(   Lair:5 *
Swamp:2 *[

Annotations:
D:11 2 runed translucent doors, exclusions: door and orange crystal statue
Lair:2 3 runed translucent doors, exclusion: 3 doors, Dasij's ghost, journeyman VSMo
Slime:5 Royal Jelly


Innate Abilities, Weirdness & Mutations

You are small and have problems with some larger weapons.
You are somewhat resistant to further mutation.


Message History

You feel strangely unstable.
Your Royal Jelly hits the Royal Jelly but does no damage.
Your Royal Jelly hits the Royal Jelly!
The Royal Jelly shudders.
The Royal Jelly spits out another jelly.
The Royal Jelly barely misses you. The Royal Jelly hits you!
* * * LOW HITPOINT WARNING * * *
The acid corrodes you!
You are splashed with acid.
You resist.
* * * LOW HITPOINT WARNING * * *
The slime creature hits your Royal Jelly.
The slime creature is burned by acid!
The Royal Jelly completely misses you. You block the Royal Jelly's attack.
Your Royal Jelly barely misses the slime creature.
Your Royal Jelly hits the slime creature!
The slime creature is splashed with acid.
You block the azure jelly's attack. x2; The azure jelly misses you.
You block the azure jelly's attack. The acid blob hits you!
* * * LOW HITPOINT WARNING * * *
You are splashed with acid.
You resist.
You die...
Your body crumbles into a pile of gold.

.................................
.................................
.................................
.....................J...........
............##.#..####...........
...........######J# ##..........
..........## #JJ# #..........
........## #J## ##......... $
#@J# ##........
#)}$=?##J#?|φ:(##.......
#$"|:##..##(:?$ #.......
##?}#)#G##=#=)# #...($..
######.G###### #(......
#.G.#._G.#...#.........
...#........#...##......
#######..########....... $ "#J
##......


You could see the Royal Jelly, 2 acid blobs, an azure jelly, 2 great orbs of
eyes, a slime creature, a glowing orange brain, a golden eye (sleeping) and the
friendly Royal Jelly.

Vanquished Creatures
  6 acid blobs
  Agnes (Spider:3)
  Gastronok (D:12)
  3 thorn hunters
  Donald (Swamp:1)
  An azure jelly (Slime:3)
  2 orc warlords (D:12)
  4 ghost moths
  3 emperor scorpions (Spider:4)
  2 ghouls (D:15)
  4 entropy weavers
  Nessos (Lair:4)
  2 spark wasps
  4 great orbs of eyes
  3 vault guards (D:13)
  3 ghost crabs
  29 hydras
  4 centaur warriors
  A catoblepas (Lair:6)
  4 shambling mangroves
  2 death yaks (Lair:6)
  2 two-headed ogres (Orc:2)
  2 ogre magi (Orc:2)
  A queen ant (Spider:1)
  11 alligators
  Urug (D:13)
  Sonja (D:13)
  Nergalle (Lair:1)
  A skeletal warrior (D:14)
  3 unseen horrors
  A wizard (Swamp:3)
  11 swamp dragons
  A flayed ghost (D:15)
  A deep troll (D:14)
  A spriggan druid (Swamp:4)
  A deep elf mage (D:14)
  An orc knight (D:15)
  A harpy (shapeshifter) (D:13)
  A necromancer (D:15)
  5 oklob plants
  25 orb spiders
  12 orc sorcerers
  3 shining eyes (Slime:5)
  3 manticores
  16 wolf spiders
  2 cyclopes (D:13)
  15 ugly things
  2 moths of wrath
  5 elephants (Lair:6)
  3 black mambas
  5 orange demons (D:10)
  5 gargoyles
  12 spiny frogs
  4 torpor snails
  2 eyes of devastation
  9 komodo dragons
  2 rime drakes (Lair:4)
  13 demonic crawlers
  A spriggan zombie (D:15)
  A yaktaur skeleton (D:15)
  2 guardian mummies
  10 polar bears
  A harpy zombie (D:13)
  A red devil (D:10)
  9 trolls
  31 jumping spiders
  22 slime creatures
  12 tyrant leeches
  26 hornets
  2 bog bodies (Swamp:1)
  4 hippogriffs
  3 dream sheep (Lair:6)
  An ettin zombie (D:15)
  20 blink frogs
  A fire dragon zombie (D:15)
  18 spriggans
  A wyvern (D:13)
  56 redbacks
  29 tarantellas
  2 wraiths
  8 humans (D:13)
  42 yaks
  2 basilisks
  Grum (Lair:1)
  7 vampire mosquitoes
  8 insubstantial wisps
  15 swamp worms
  2 hungry ghosts
  2 acid dragons (D:15)
  A warg (D:15)
  27 soldier ants
  13 water moccasins
  5 porcupines
  22 orc warriors
  2 black bears
  2 sky beasts
  9 swamp drakes
  4 eyes of draining (Slime:5)
  16 ogres
  39 wolves
  A phantom (D:14)
  14 ice beasts
  4 boggarts (Lair:6)
  4 necrophages (D:9)
  27 centaurs
  14 crocodiles
  5 big kobolds
  A wyvern zombie (D:15)
  21 bullfrogs
  A water moccasin zombie (D:9)
  2 wyvern skeletons
  6 scorpions
  15 killer bees
  5 wights (D:13)
  3 howler monkeys
  An electric eel (Spider:3)
  7 centaur zombies
  8 crimson imps
  2 quasits
  33 orc wizards
  A bullfrog zombie (D:11)
  6 hounds
  5 jellies
  3 bullfrog skeletons
  8 centaur skeletons
  20 orc priests
  Crazy Yiuf (D:2)
  Terence (D:3)
  Natasha (thrice) (D:2)
  7 iguanas
  23 worker ants
  A killer bee zombie (D:7)
  A bullfrog simulacrum (D:11)
  2 hound skeletons
  2 mummies (D:15)
  A worker ant zombie (D:11)
  7 gnolls
  2 howler monkey skeletons
  2 river rats (Sewer)
  18 adders
  A hound simulacrum (D:11)
  2 white imps (D:11)
  2 worker ant simulacra (D:11)
  3 ufetubi (D:11)
  10 oozes
  2 adder zombies
  2 adder skeletons (D:9)
  3 worms
  3 dart slugs
  7 leopard geckos
  93 orcs
  3 bats
  A bat skeleton (D:2)
  14 giant cockroaches
  5 goblins
  5 hobgoblins
  9 jackals
  11 kobolds
  2 quokkas
  2 ball pythons (Sewer)
  6 frilled lizards
  A leopard gecko zombie (D:6)
  A quokka skeleton (D:6)
  2 quokka zombies
  12 rats
  A bush (Lair:4)
  A fungus (Lair:6)
  26 plants
1264 creatures vanquished.

Vanquished Creatures (collateral kills)
  A komodo dragon (Swamp:1)
  A bog body (Swamp:1)
2 creatures vanquished.

Vanquished Creatures (others)
  A hydra (Swamp:3)
  2 centaur warriors (D:15)
  An orb spider (Spider:2)
  A tyrant leech (Swamp:1)
  A blink frog (Swamp:1)
  A bog body (Swamp:2)
  A human (D:13)
  A swamp drake (Swamp:1)
  4 centaurs
  A hound (D:3)
  An orc (Orc:1)
  A briar patch (Swamp:4)
  A bush (D:9)
  8 fungi
  11 plants
  4 withered plants (D:15)
40 creatures vanquished.

Grand Total: 1306 creatures vanquished

Notes
Turn   | Place    | Note
-------+----------+-------------------------------------------
     0 | D:1      | Kohma the Halfling Hunter began the quest for the Orb.
     0 | D:1      | Reached XP level 1. HP: 14/14 MP: 1/1
   328 | D:1      | Reached XP level 2. HP: 19/19 MP: 2/2
   512 | D:1      | Reached XP level 3. HP: 20/24 MP: 3/3
  1015 | D:2      | Noticed Natasha
  1025 | D:2      | Killed Natasha
  1025 | D:2      | Reached XP level 4. HP: 20/29 MP: 4/4
  1121 | D:2      | Noticed Natasha
  1130 | D:2      | Killed Natasha
  1130 | D:2      | Reached XP level 5. HP: 16/34 MP: 5/5
  1456 | D:2      | Noticed Natasha
  1465 | D:2      | Killed Natasha
  1657 | D:2      | Found a runed translucent door.
  1658 | D:2      | Noticed Crazy Yiuf
  1668 | D:2      | Killed Crazy Yiuf
  2049 | D:2      | Reached XP level 6. HP: 39/39 MP: 6/6
  2056 | D:2      | Found a glowing silver altar of Zin.
  2378 | D:3      | Found a glowing drain.
  2407 | Sewer    | Entered a sewer
  2442 | Sewer    | Reached skill level 10 in Slings
  2892 | Sewer    | Reached XP level 7. HP: 44/44 MP: 7/7
  3462 | D:3      | Noticed Terence
  3478 | D:3      | Killed Terence
  3478 | D:3      | Reached skill level 1 in Armour
  3661 | D:3      | Found a radiant altar of Vehumet.
  4246 | D:3      | Reached XP level 8. HP: 38/49 MP: 8/8
  5122 | D:4      | Found a sparkling altar of Nemelex Xobeh.
  5682 | D:5      | Entered Level 5 of the Dungeon
  5717 | D:5      | Reached skill level 5 in Dodging
  5790 | D:5      | Found Noojuaj's Assorted Antiques.
  5802 | D:5      | Bought a crooked bronze wand for 76 gold pieces
  5802 | D:5      | Bought a twisted glass wand for 76 gold pieces
  5851 | D:5      | Found Tukle's Book Shoppe.
  5948 | D:5      | Found a hazy altar of Hepliaklqana.
  6972 | D:6      | Found a burning altar of Makhleb.
  7045 | D:6      | Reached skill level 1 in Evocations
  7088 | D:6      | Got a slimy flail
  7089 | D:6      | Identified the +7 flail of Disintegration {crush, rElec rF+
                  | MR- Dex+4} (You found it on level 6 of the Dungeon)
  7131 | D:6      | Reached XP level 9. HP: 41/54 MP: 8/10
  7207 | D:6      | Reached skill level 5 in Armour
  7823 | D:7      | Found Vuobir's Gadget Shoppe.
  8045 | D:7      | Found a staircase to the Ecumenical Temple.
  8052 | Temple   | Entered the Ecumenical Temple
  8336 | D:7      | Found Gufomer's Gadget Boutique.
  8393 | D:7      | Found Jeneivump's Book Boutique.
  8817 | D:7      | Reached skill level 5 in Evocations
  9129 | D:7      | Found a hide-covered altar of Uskayaw.
  9240 | D:7      | Reached skill level 1 in Shields
  9294 | D:7      | Found Ciomniruu's General Store.
  9953 | D:8      | Reached XP level 10. HP: 48/60 MP: 13/13
 10442 | D:9      | Reached skill level 5 in Shields
 10514 | D:9      | Found a stormy altar of Qazlal.
 10515 | D:9      | Found an ornate altar of the Wu Jian Council.
 10834 | D:9      | Found a shimmering blue altar of Sif Muna.
 10840 | D:9      | Found an opulent altar of Gozag.
 11065 | D:9      | Found a blossoming altar of Fedhas.
 11201 | D:10     | Entered Level 10 of the Dungeon
 11292 | D:10     | Noticed an orange demon
 11292 | D:10     | Noticed an orange demon
 11319 | D:10     | Killed an orange demon
 11331 | D:10     | Killed an orange demon
 11585 | D:10     | Noticed an orange demon
 11585 | D:10     | Noticed an orange demon
 11585 | D:10     | Noticed an orange demon
 11605 | D:10     | Killed an orange demon
 11605 | D:10     | Reached skill level 10 in Dodging
 11615 | D:10     | Killed an orange demon
 11683 | D:10     | Killed an orange demon
 11683 | D:10     | Reached XP level 11. HP: 32/67 MP: 14/14
 12510 | D:10     | Reached skill level 5 in Fighting
 12718 | D:9      | Became a worshipper of Gozag Ym Sagoz the Greedy
 14303 | D:11     | Noticed a green ugly thing
 14341 | D:11     | Killed a green ugly thing
 14806 | D:11     | Found a runed translucent door.
 14818 | D:11     | Found the +10 large shield of Ignorance {rN+ Int-4}
 14836 | D:11     | Found a runed translucent door.
 14837 | D:11     | Noticed an orange crystal statue
 14857 | D:11     | Noticed a manticore
 14885 | D:11     | Killed a manticore
 15258 | D:11     | Noticed a seven-headed hydra
 15288 | D:11     | Killed a seven-headed hydra
 15319 | D:11     | Reached XP level 12. HP: 41/82 MP: 15/15
 16658 | D:11     | Found a staircase to the Lair.
 16695 | D:11     | Bought a coiled pewter ring for 170 gold pieces
 16695 | D:11     | Bought a pair of embroidered gloves for 255 gold pieces
 16808 | D:7      | Bought a wand of polymorph (7) for 126 gold pieces
 16820 | D:7      | Identified the ring "Umpidite" {rF- rC+ Dex+2 SInv} (You
                  | bought it in a shop on level 11 of the Dungeon)
 16936 | Lair:1   | Entered Level 1 of the Lair of Beasts
 16944 | Lair:1   | Noticed Nergalle
 16977 | Lair:1   | Killed Nergalle
 17212 | Lair:1   | Reached skill level 5 in Stealth
 17306 | D:11     | Bought a scroll of identify for 68 gold pieces
 17327 | Lair:1   | Noticed Grum
 17356 | Lair:1   | Killed Grum
 18203 | Lair:2   | Found a hole to the Spider Nest.
 18395 | Lair:2   | Reached skill level 10 in Fighting
 18716 | D:7      | Bought a scroll of identify for 30 gold pieces
 19187 | Lair:2   | Found a staircase to the Swamp.
 19268 | Lair:2   | Found a runed translucent gate.
 19269 | Lair:2   | Found a runed translucent gate.
 19270 | Lair:2   | Found a runed translucent gate.
 19272 | Lair:2   | Noticed Dasij's ghost (journeyman VSMo)
 19294 | Lair:2   | Reached XP level 13. HP: 66/92 MP: 10/16
 20302 | Lair:3   | Found a runed translucent door.
 20340 | Lair:3   | Noticed a six-headed hydra
 21163 | Lair:3   | Identified a scroll of acquirement
 21221 | Lair:3   | Killed a six-headed hydra
 21632 | Lair:4   | Noticed a six-headed hydra
 21641 | Lair:4   | Killed a six-headed hydra
 22010 | Lair:4   | Noticed Nessos
 22018 | Lair:4   | Killed Nessos
 22525 | Lair:4   | Noticed a six-headed hydra
 22534 | Lair:4   | Killed a six-headed hydra
 24021 | Lair:5   | Noticed a five-headed hydra
 24027 | Lair:5   | Killed a five-headed hydra
 24088 | Lair:5   | Reached XP level 14. HP: 90/99 MP: 17/20
 24590 | Lair:5   | Found a staircase to the Slime Pits.
 25135 | Lair:5   | Found a shimmering altar of Xom.
 25583 | Lair:6   | Entered Level 6 of the Lair of Beasts
 25708 | Lair:6   | Got a smoking copper ring
 26288 | Lair:6   | Reached skill level 10 in Evocations
 28733 | D:7      | Bought a lightning rod (4/4) for 480 gold pieces
 28733 | D:7      | Bought a phantom mirror for 360 gold pieces
 28733 | D:7      | Bought a wand of iceblast (12) for 192 gold pieces
 28747 | D:7      | Identified the ring of Xuteanwu {*Corrode MR- MP+9 Dex+8
                  | Slay+5} (You found it on level 6 of the Lair of Beasts)
 28866 | D:11     | Bought a runed scale mail for 238 gold pieces
 28866 | D:11     | Bought a dented malachite amulet for 170 gold pieces
 28866 | D:11     | Bought a blackened bronze amulet for 170 gold pieces
 28977 | D:12     | Reached XP level 15. HP: 109/109 MP: 22/22
 28980 | D:12     | Learned a level 1 spell: Apportation
 28983 | D:12     | Learned a level 2 spell: Shroud of Golubria
 29035 | D:12     | Found Hifen's Magic Scroll Boutique.
 29040 | D:12     | Bought 3 scrolls of enchant weapon for 315 gold pieces
 29040 | D:12     | Bought a scroll of torment for 105 gold pieces
 29049 | D:12     | Noticed Gastronok
 29061 | D:12     | Killed Gastronok
 29061 | D:12     | Reached skill level 1 in Charms
 29061 | D:12     | Reached skill level 1 in Translocations
 29296 | D:12     | Reached skill level 1 in Spellcasting
 29464 | D:12     | Found a roughly hewn altar of Beogh.
 29475 | D:12     | Found a staircase to the Orcish Mines.
 30276 | D:13     | Noticed Urug
 30285 | D:13     | Killed Urug
 30325 | D:13     | Noticed Sonja
 30327 | D:13     | Killed Sonja
 30756 | D:13     | Found the +3 warlock's mirror {reflect}
 31249 | D:13     | Found a gate to the Vaults.
 31356 | D:14     | Found a bloodstained altar of Trog.
 31445 | D:14     | Learned a level 2 spell: Song of Slaying
 31449 | D:14     | Learned a level 3 spell: Portal Projectile
 31841 | D:14     | Reached skill level 10 in Armour
 31992 | D:15     | Entered Level 15 of the Dungeon
 32067 | D:15     | Reached XP level 16. HP: 88/116 MP: 23/23
 32347 | D:15     | Found a staircase to the Depths.
 33016 | D:15     | Reached skill level 10 in Shields
 33326 | Orc:1    | Entered Level 1 of the Orcish Mines
 33326 | Orc:1    | Found a roughly hewn altar of Beogh.
 34294 | Orc:2    | Entered Level 2 of the Orcish Mines
 34294 | Orc:2    | Found a staircase to the Elven Halls.
 34326 | Orc:1    | Found Otsy's Jewellery Shoppe.
 34413 | Orc:1    | Bought a +3 amulet of reflection for 219 gold pieces
 34871 | Orc:2    | Found Umouc's Weapon Shop.
 35149 | Orc:2    | Found Jeoril's Book Shoppe.
 35191 | Orc:2    | Found a radiant altar of Vehumet.
 35214 | Orc:2    | Found Hojo's Book Shoppe.
 35276 | Orc:2    | Found an ancient bone altar of Kikubaaqudgha.
 35374 | Orc:2    | Found a roughly hewn altar of Beogh.
 35374 | Orc:2    | Found Benup's Distillery.
 35381 | Orc:2    | Found Vikad's Antique Weapon Shoppe.
 35404 | Orc:2    | Bought a runed fustibalus for 648 gold pieces
 35419 | Orc:2    | Bought a potion of agility for 68 gold pieces
 35419 | Orc:2    | Bought a potion of heal wounds for 85 gold pieces
 35738 | Swamp:1  | Entered Level 1 of the Swamp
 35811 | Swamp:1  | Noticed Donald
 35837 | Swamp:1  | Killed Donald
 36668 | Swamp:1  | Reached XP level 17. HP: 118/124 MP: 24/24
 36916 | Swamp:2  | Noticed a thorn hunter
 37175 | Swamp:1  | Killed a thorn hunter
 37871 | Swamp:2  | Got a smoking brass ring
 37873 | Swamp:2  | Identified the ring "Kofil" {rN+ Str+2 Stlth-} (You found
                  | it on level 2 of the Swamp)
 38376 | Swamp:2  | Bought an encrusted ring mail for 324 gold pieces
 38376 | Swamp:2  | Identified the +5 ring mail "Lips" {+Inv rPois rN+ Str+3}
                  | (You bought it in a shop on level 2 of the Swamp)
 38665 | Swamp:3  | Reached skill level 15 in Slings
 38911 | Swamp:3  | Found the +7 captain's cutlass {speed, disarm}
 39039 | Swamp:3  | Got a warped flail
 39049 | Swamp:3  | Identified the +6 flail of Oozing Pus {crush, rF++ Str+5
                  | Int-2} (You found it on level 3 of the Swamp)
 39154 | Swamp:3  | Got a bronze ring mail
 39155 | Swamp:3  | Identified the +1 ring mail of the Curious Mice {rCorr
                  | Str-2 Dex+4} (You found it on level 3 of the Swamp)
 39558 | Swamp:4  | Entered Level 4 of the Swamp
 39679 | Swamp:4  | Noticed a thorn hunter
 39693 | Swamp:4  | Noticed a thorn hunter
 39993 | Swamp:4  | Killed a thorn hunter
 40048 | Swamp:4  | Killed a thorn hunter
 40087 | Swamp:4  | Reached XP level 18. HP: 102/132 MP: 26/26
 40195 | Swamp:4  | Got a decaying rune of Zot
 41127 | Spider:1 | Entered Level 1 of the Spider Nest
 43359 | Spider:2 | Reached skill level 15 in Dodging
 44297 | Spider:3 | Noticed Agnes
 44305 | Spider:3 | Killed Agnes
 44336 | Spider:3 | Reached skill level 15 in Fighting
 44948 | Spider:4 | Entered Level 4 of the Spider Nest
 44966 | Spider:4 | Reached XP level 19. HP: 135/139 MP: 28/28
 46806 | Spider:4 | Got a gossamer rune of Zot
 47517 | Lair:5   | Bought a bone wand for 132 gold pieces
 47517 | Lair:5   | Bought an ichor-stained helmet for 313 gold pieces
 47517 | Lair:5   | Identified the cursed +0 helmet "Atereuso" {Dex+5} (You
                  | bought it in a shop on level 5 of the Lair of Beasts)
 47573 | Slime:1  | Entered Level 1 of the Pits of Slime
 47605 | Slime:4  | Paralysed by a great orb of eyes for 5 turns
 48627 | Slime:5  | Entered Level 5 of the Pits of Slime
 49306 | Slime:5  | Noticed the Royal Jelly
 49330 | Slime:5  | Found a viscous altar of Jiyva.
 49333 | Slime:5  | Found the +7 mace of Variability {chain chaos}
 49334 | Slime:5  | HP: 3/139 [acid blob[the Royal Jelly] (12)]
 49334 | Slime:5  | Splashed by an acid blob's acid

Levels and vault maps discovered:
D:1:      tarquinn_simple_flora_water_d, layout_loops_ring, patterned_corridor
D:2:      layout_basic, marbit_many_paths, uniq_crazy_yiuf_cottage, uniq_natasha
D:3:      layout_loops_ring, fiery_altar_vehumet, gup_sewer_entry_pipe,
          chequers_serial_rivers_room_b, minmay_ruptured, uniq_terence
D:4:      layout_basic, first_ration, nemelex_altar_shiori
D:5:      layout_layer_cave, basic_altar, serial_shops,
          nicolae_shop_overgrown_old_shop, shop, hangedman_decor_peaks_small
D:6:      layout_basic, basic_altar
D:7:      layout_loops_ring, lemuel_coloured_pillars_altar, temple_green,
          serial_shops, nicolae_shop_crystal, shop, kennysheep_mini_moat,
          nicolae_shop_window_shopping
D:8:      layout_basic
D:9:      layout_basic, nicolae_overflow_hidden_temple,
          fedhas_altar_decomposition
D:10:     layout_roguey, grunt_ogre_cave, minmay_beelzebubs_servants
D:11:     layout_roguey, lair_entry_dummy, serial_ice, serial_ice_i,
          serial_ice_g, serial_ice_f, serial_ice_a, serial_ice_e, serial_ice_d,
          serial_ice_c, serial_ice_h, portal_ice_cave_entry_ice_beasts,
          chequers_guarded_unrand_ignorance
D:12:     layout_basic, david_orc_5, serial_shops, kennysheep_little_box,
          minmay_misc_feat_columns, uniq_gastronok
D:13:     layout_roguey, ximxim_vaults_locker_room, uniq_sonja, uniq_urug
D:14:     layout_cave_pools, glass_columns_b, serial_column_ruins,
          column_ruins_hut, column_ruins_temple_circle, column_ruins_open_large,
          column_ruins_corridor_straight, column_ruins_grid_2
D:15:     gammafunk_depths_entry_grave, layout_rooms, serial_undead,
          serial_undead_b, serial_undead_b, serial_undead_b, serial_undead_e,
          corexii_corridor_pit
Temple:   regret_index_temple_generic_petals
Lair:1:   layout_chaotic_city, grunt_megastairs_4, uniq_nergalle, uniq_grum
Lair:2:   layout_cave_shapes, swamp_mist_pool, spider_nest_entry_a,
          gammafunk_ghost_necromancy, chequers_serial_rivers_large_a,
          st_stairs_3, serial_bayou_shore_b
Lair:3:   layout_hall_layers, minmay_lair_oklob_items, pf_torpor_hydra
Lair:4:   wad_woods_structure_01, layout_regular_city, serial_forest,
          infiniplex_forest_clump_cross, infiniplex_forest_end_2,
          infiniplex_forest_lined_3, infiniplex_forest_split,
          infiniplex_forest_zigzag_2, infiniplex_forest_lined_2,
          infiniplex_forest_clump_tiny, uniq_nessos
Lair:5:   layout_concentric_octagons, minmay_slime_entry_oklob_enclosed,
          basic_altar, lemuel_fruit_fields, lemuel_fruit_tree,
          serial_bayou_shore_a, infiniplex_staircase_pool_2
Lair:6:   minmay_lair_end_enchanted_forest, layout_loops_ring
Swamp:1:  layout_basic_swamp, evilmike_swamp_ruin_house_6, uniq_donald
Swamp:2:  layout_falls_marsh, serial_swamp_ruin, evilmike_swamp_ruin_house_4,
          hangedman_swamp_ruin_hall, hangedman_swamp_pad, swamp_pool1
Swamp:3:  layout_basic_swamp, hangedman_swamp_cone, grunt_witch_cave
Swamp:4:  swamp, layout_basic_swamp
Spider:1: layout_spider_delve, minivault_29
Spider:2: layout_spider_delve
Spider:3: layout_spider_delve, uniq_agnes
Spider:4: spider_rune_water, drop_trap, einodemon_crawler_minivault
Slime:1:  layout_caves
Slime:2:  layout_caves
Slime:3:  layout_caves
Slime:4:  layout_caves
Slime:5
Orc:1:    layout_diamond_mine, serial_shops, shop_statue, basic_altar
Orc:2:    kennysheep_orc_mage_school, layout_diamond_mine, serial_shops, shop

Skill      XL: |  1  2  3  4  5  6  7  8  9 10 11 12 13 14 15 16 17 18 19 |
---------------+----------------------------------------------------------+-----
Slings         | 6 7 8 9 11 12 13 14 15 | 15.0
Armour         | 2 4 6 7 10 12 13 14 | 14.3
Dodging        | 3 5 7 10 11 12 13 14 15 | 15.1
Evocations     | 2 5 8 10 11 13 14 | 14.4
Shields        | 3 5 9 11 12 13 | 13.2
Fighting       | 3 7 10 12 13 14 15 | 15.0
Stealth        | 2 5 6 7 9 |  9.2
Charms         | 2 |  2.0
Translocations | 3 |  3.0
Spellcasting   | 2 |  2.0

Action                   |  1- 3 |  4- 6 |  7- 9 | 10-12 | 13-15 | 16-18 | 19-21 || total
-------------------------+-------+-------+-------+-------+-------+-------+-------++-------
Melee: Whip              |       |       |       |     8 |   650 |       |       ||   658
       Hunting sling     |       |       |       |     2 |       |       |       ||     2
 Fire: Hunting sling     |    73 |   173 |   743 |  1572 |   134 |       |       ||  2695
       Fustibalus        |       |       |       |       |  1424 |  1666 |   562 ||  3652
Invok: Potion Petition   |       |       |       |     1 |       |       |       ||     1
       Call Merchant     |       |       |       |     1 |     1 |     3 |     1 ||     6
 Abil: Evoke Invisibilit |       |       |       |       |       |     1 |       ||     1
Evoke: Wand              |       |       |     1 |    12 |     4 |       |       ||    17
       Fan of gales      |       |       |       |     1 |       |     1 |       ||     2
       Box of beasts     |       |       |       |       |       |     1 |       ||     1
       Phantom mirror    |       |       |       |       |       |       |     1 ||     1
  Use: Scroll            |       |    10 |    11 |    11 |    17 |     9 |     8 ||    66
       Potion            |       |       |       |     2 |       |       |     3 ||     5
  Eat: Chunk             |       |     6 |    15 |     5 |       |       |       ||    26
       Ration            |       |       |     2 |     7 |    11 |    12 |     3 ||    35
Armor: Ring mail         |     7 |    13 |    26 |   167 |    76 |    68 |    71 ||   428
       Scale mail        |       |       |    77 |       |    30 |    33 |       ||   140
       Plate armour      |       |       |       |       |       |    53 |       ||    53
Dodge: Dodged            |    25 |    41 |   201 |   621 |   563 |   587 |   286 ||  2324
Block: Buckler           |       |       |    14 |   276 |   256 |   641 |   300 ||  1487
       Reflection        |       |       |       |       |     7 |    37 |     6 ||    50

Table legend:
 A = Non-vault XP
 B = Vault XP
 C = Vault XP percentage of total XP
 D = Non-vault monster count
 E = Vault monster count
 F = Vault count percentage of total count
                 A         B        C        D         E       F
            +---------+---------+-------+---------+---------+-------
      Total |  218729 |  114690 |  34.4 |     878 |     370 |  29.6
            +---------+---------+-------+---------+---------+-------
        D:1 |      38 |       0 |   0.0 |      18 |       0 |   0.0
        D:2 |     161 |      79 |  32.9 |      27 |       3 |  10.0
        D:3 |     255 |      60 |  19.0 |      17 |      10 |  37.0
        D:4 |     301 |       0 |   0.0 |      22 |       0 |   0.0
        D:5 |     278 |       0 |   0.0 |      13 |       0 |   0.0
        D:6 |     681 |       0 |   0.0 |      17 |       0 |   0.0
        D:7 |    1287 |       0 |   0.0 |      25 |       0 |   0.0
        D:8 |     799 |       0 |   0.0 |      17 |       0 |   0.0
        D:9 |    1170 |     567 |  32.6 |      19 |       7 |  26.9
       D:10 |    2164 |    2535 |  53.9 |      33 |       7 |  17.5
       D:11 |    6251 |    2744 |  30.5 |      47 |      25 |  34.7
       D:12 |   13452 |    2429 |  15.3 |      56 |      24 |  30.0
       D:13 |   10271 |    6176 |  37.6 |      33 |      13 |  28.3
       D:14 |    6731 |    1806 |  21.2 |      35 |       3 |   7.9
       D:15 |    9658 |    6788 |  41.3 |      34 |      13 |  27.7
     Lair:1 |    3542 |    1729 |  32.8 |      17 |       7 |  29.2
     Lair:2 |    4557 |    1734 |  27.6 |      22 |       2 |   8.3
     Lair:3 |    1434 |    1984 |  58.0 |       7 |       3 |  30.0
     Lair:4 |    8046 |    3756 |  31.8 |      38 |       8 |  17.4
     Lair:5 |    4114 |    2161 |  34.4 |      15 |       4 |  21.1
     Lair:6 |   14059 |    9376 |  40.0 |      44 |      49 |  52.7
    Swamp:1 |   11906 |    1487 |  11.1 |      26 |       1 |   3.7
    Swamp:2 |   17606 |       0 |   0.0 |      36 |       0 |   0.0
    Swamp:3 |   11399 |    1564 |  12.1 |      31 |       3 |   8.8
    Swamp:4 |   13862 |   15815 |  53.3 |      23 |      21 |  47.7
   Spider:1 |   12259 |    6839 |  35.8 |      38 |      44 |  53.7
   Spider:2 |   14021 |       0 |   0.0 |      35 |       0 |   0.0
   Spider:3 |    9432 |    2402 |  20.3 |      29 |       2 |   6.5
   Spider:4 |   12457 |   26827 |  68.3 |      33 |      52 |  61.2
    Slime:3 |    8692 |       0 |   0.0 |       9 |       0 |   0.0
    Slime:5 |   12127 |    8000 |  39.7 |      20 |       7 |  25.9
      Orc:1 |    2105 |       0 |   0.0 |      21 |       0 |   0.0
      Orc:2 |    3614 |    7312 |  66.9 |      21 |      34 |  61.8
      Sewer |       0 |     520 | 100.0 |       0 |      28 | 100.0
            +---------+---------+-------+---------+---------+-------
